 Dungeon Crawl Stone Soup version 0.19-b1-4-gd8a0a2a (webtiles) character file.

334 Charmandara the Slasher (level 6, -3/47 HPs)
             Began as a Formicid Fighter on Oct 31, 2016.
             Was a Believer of Lugonu.
             Splashed by a jelly's acid (8 damage)
             ... on level 5 of the Dungeon.
             The game lasted 00:06:42 (3354 turns).

Charmandara the Slasher (Formicid Fighter)          Turns: 3354, Time: 00:06:42

Health: -3/47      AC: -13   Str: 21    XL:     6   Next: 83%
Magic:  7/7        EV:  8    Int:  7    God:    Lugonu [**....]
Gold:   325        SH:  9    Dex: 12    Spells: 0 memorised, 5 levels left

rFire  . . .     SeeInvis +     a - +0 long sword
rCold  . . .     Gourm    .     b - +0 scale mail
rNeg   + . .     Faith    .     c - +0 shield
rPois  +         Spirit   .     (helmet unavailable)
rElec  .         Reflect  .     (no cloak)
rCorr  .         Harm     .     (no gloves)
MR     .....                    (no boots)
Stlth  ..........               x - amulet of magic regeneration
                                g - ring of positive energy
                                A - ring of poison resistance

@: corroded
A: permanent stasis, dig shafts and tunnels, four strong arms, antennae 3
a: Dig, Shaft Self, Depart the Abyss, Bend Space, Renounce Religion


You were on level 5 of the Dungeon.
You worshipped Lugonu.
Lugonu was pleased with you.
You were hungry.

You visited 1 branch of the dungeon, and saw 5 of its levels.

You collected 325 gold pieces.

Inventory:

Hand Weapons
 a - a +0 long sword (weapon)
 p - a +0 spear of freezing
Missiles
 k - 65 bolts
 l - 96 stones (quivered)
 v - 26 poisoned needles
 z - 46 sling bullets
 B - 2 exploding tomahawks
Armour
 b - a +0 scale mail (worn)
 c - a +0 shield (worn)
Jewellery
 g - a ring of positive energy (right hand)
 m - an uncursed ring of flight
 x - an amulet of magic regeneration (around neck)
 A - a ring of poison resistance (left hand)
Wands
 q - a wand of digging (9/24)
Scrolls
 e - 4 scrolls of identify {unknown}
 h - 3 scrolls of enchant armour {unknown}
 o - 8 scrolls of remove curse {unknown}
 r - 3 scrolls of recharging {unknown}
Potions
 j - a potion of ambrosia {unknown}
 s - a potion of curing {unknown}
 t - a potion of resistance {unknown}
 u - a potion of mutation {unknown}
Books
 y - a book of Callings

   Spells                             Type                      Level
   a - Summon Small Mammal            Summoning                    1
   b - Call Imp                       Summoning                    2
   c - Call Canine Familiar           Summoning                    3
   d - Summon Guardian Golem          Hexes/Summoning              3
   e - Summon Lightning Spire         Summoning/Air                4
   f - Summon Ice Beast               Ice/Summoning                4
Comestibles
 f - 3 bread rations
 i - 2 beef jerkies
 n - a royal jelly
 w - a meat ration


   Skills:
 - Level 3.2 Fighting
 * Level 6.2 Long Blades
 - Level 3.2 Armour
 - Level 0.1 Dodging
 - Level 3.6 Shields
 + Level 2.4 Invocations


You had 5 spell levels left.
You didn't know any spells.

Dungeon Overview and Level Annotations

Branches:
Dungeon (5/15)
 Temple: D:4-7

Altars:
Cheibriados
Fedhas
Makhleb
Lugonu


Innate Abilities, Weirdness & Mutations

You are under a permanent stasis effect.
You can dig through walls and to a lower floor.
Your four strong arms can wield two-handed weapons with a shield.
You have a pair of large antennae on your head. (SInv)


Message History

The jelly is almost dead.
You block the jelly's attack. The jelly hits you.
* * * LOW HITPOINT WARNING * * *
The acid corrodes you!
You are splashed with acid!
The acid burns!
* * * LOW HITPOINT WARNING * * *
Evoke which item? (* to show all) (? for menu, Esc to quit)
Okay, then.
Evoke which item? (* to show all) (? for menu, Esc to quit)
Okay, then.
A crimson imp comes into view.
The crimson imp shouts!
The crimson imp blinks!
A quokka comes into view.
Okay, then.
It was a potion of cure mutation.
It has a very clean taste.
The jelly jiggles.
The jelly hits you.
* * * LOW HITPOINT WARNING * * *
You are splashed with acid!
The acid burns!
You die...

#......######.########.
#......# #.......##.
##......# #.......##.
........# #..........
...r....# #........##
........# ####.......
...5....# #.....##
.......J# #.....+
.......@# #.....#
........# #######
######+##


You could see a jelly, a crimson imp and a quokka.

Vanquished Creatures
  A bullfrog (D:4)
  A scorpion (D:4)
  A hound (D:4)
  An orc wizard (D:4)
  6 adders
  An ooze (D:2)
  4 worms
  3 dart slugs
  5 leopard geckos
  5 orcs (D:4)
  2 giant cockroaches
  8 goblins
  10 hobgoblins
  A jackal (D:1)
  9 kobolds
  2 quokkas
  3 ball pythons
  8 bats
  3 frilled lizards
  A jackal skeleton (D:4)
  8 rats
83 creatures vanquished.

Notes
Turn   | Place    | Note
-------+----------+-------------------------------------------
     0 | D:1      | Charmandara the Formicid Fighter began the quest for the Orb.
     0 | D:1      | Reached XP level 1. HP: 18/18 MP: 1/1
    90 | D:1      | Reached XP level 2. HP: 14/24 MP: 2/2
   323 | D:1      | Reached skill level 3 in Long Blades
   405 | D:1      | Reached XP level 3. HP: 26/29 MP: 3/3
   891 | D:2      | Reached skill level 4 in Long Blades
   891 | D:2      | Reached XP level 4. HP: 9/35 MP: 4/4
  1161 | D:2      | Found a snail-covered altar of Cheibriados.
  1482 | D:2      | Reached XP level 5. HP: 40/41 MP: 5/5
  1733 | D:3      | Reached skill level 5 in Long Blades
  1973 | D:3      | Found a faded altar of an unknown god.
  1981 | D:3      | Became a worshipper of Lugonu the Unformed
  1981 | D:3      | Reached * piety under Lugonu
  1981 | D:3      | Reached ** piety under Lugonu
  2011 | D:3      | Found a burning altar of Makhleb.
  2468 | D:4      | Found a blossoming altar of Fedhas.
  2804 | D:4      | Reached skill level 1 in Invocations
  2804 | D:4      | Reached XP level 6. HP: 46/47 MP: 5/7
  2934 | D:4      | Reached skill level 6 in Long Blades
  3181 | D:4      | Found a burning altar of Makhleb.
  3181 | D:4      | Noticed a balrug
  3186 | D:4      | Noticed a smoke demon
  3186 | D:4      | Noticed a neqoxec
  3278 | D:5      | Entered Level 5 of the Dungeon
  3325 | D:5      | HP: 2/47 [acid (9)]
  3354 | D:5      | Splashed by a jelly's acid

Skill      XL: |  1  2  3  4  5  6 |
---------------+-------------------+-----
Long Blades    | 3 4 5 6 |  6.2
Invocations    | 1 2 |  2.4
Fighting       | |  3.2
Armour         | |  3.2
Dodging        | |  0.1
Shields        | |  3.6

Action                   |  1- 3 |  4- 6 || total
-------------------------+-------+-------++-------
Melee: Long sword        |    96 |   231 ||   327
  Use: Potion            |     2 |     1 ||     3
 Stab: Invisible         |     1 |       ||     1
  Eat: Chunk             |       |     8 ||     8
Armor: Scale mail        |    49 |    90 ||   139
Dodge: Dodged            |    47 |    63 ||   110
Block: Shield            |    51 |   140 ||   191
       Rpst.: Long sword |    12 |    19 ||    31
